 Dungeon Crawl Stone Soup version 0.26.1-16-g4e020e15dc (webtiles) character file.

Game seed: 11667537042939969910

17924 Froggeryz the Basher (level 12, 0/132 HPs)
             Began as an Octopode Berserker on Mar 3, 2023.
             Was a High Priest of Trog.
             Slain by a freezing wraith (9 damage)
             ... led by a death knight
             ... on level 12 of the Dungeon.
             The game lasted 00:19:18 (15372 turns).

Froggeryz the Basher (Octopode Berserker)          Turns: 15372, Time: 00:19:19

Health: 0/132      AC:  5    Str: 22    XL:     12   Next: 53%
Magic:  21/21      EV: 21    Int:  9    God:    Trog [*****.]
Gold:   828        SH:  7    Dex: 29    Spells: 11/11 levels left

rFire    . . .     SeeInvis .   j - +6 shillelagh "Devastator" {shatter}
rCold    . . .     Faith    .   w - +0 buckler
rNeg     . . .     Spirit   .   (helmet restricted)
rPois    +         Reflect  .   (no amulet)
rElec    .         Harm     .   f - ring of magical power
rCorr    .         Rampage  .   m - ring of poison resistance
Will     +....                  p - +6 ring of dexterity
Stlth    ..........             s - +6 ring of dexterity
HPRegen  0.32/turn              b - ring of willpower
MPRegen  0.17/turn              d - ring of Deruir Ecuwk {+Blink AC+4 Str+6}
                                (no ring)
                                (no ring)

@: berserking, slowed
A: almost no armour, stealthy swim, amphibious, 8 rings, constrict 8, camouflage
1, gelatinous body 1
a: Renounce Religion, Evoke Blink, Berserk, Trog's Hand, Brothers in Arms


You were on level 12 of the Dungeon.
You worshipped Trog.
Trog was extremely pleased with you.
You visited 1 branch of the dungeon, and saw 12 of its levels.
You also visited: Bailey.

You collected 933 gold pieces.
You spent 105 gold pieces at shops.

Inventory:

Hand Weapons
 j - the +6 shillelagh "Devastator" (weapon) {shatter}
   (You acquired it on level 12 of the Dungeon)
 B - a +2 flail of venom
Missiles
 a - 49 poisoned darts (quivered)
 v - 6 curare-tipped darts
 G - 5 boomerangs
Armour
 w - a +0 buckler (worn)
Jewellery
 b - a ring of willpower (on tentacle)
 d - the ring of Deruir Ecuwk (on tentacle) {+Blink AC+4 Str+6}
   (You acquired it on level 12 of the Dungeon)

   [ring of protection]

   It affects your AC (+4).
   It affects your strength (+6).
   It lets you blink.
 f - a ring of magical power (left tentacle)
 m - a ring of poison resistance (right tentacle)
 p - a +6 ring of dexterity (on tentacle)
 s - a +6 ring of dexterity (on tentacle)
 D - an uncursed ring of ice
Wands
 E - a wand of disintegration (21)
 F - a wand of acid (32)
 H - a wand of digging (5)
 N - a wand of flame (25)
Scrolls
 c - 3 scrolls of immolation
 g - 3 scrolls of teleportation
 h - 4 scrolls of identify
 i - 6 scrolls of fog
 n - 3 scrolls of enchant weapon
 o - 11 scrolls of remove curse
 t - 6 scrolls of enchant armour
 y - 2 scrolls of magic mapping
 z - a scroll of silence {unknown}
 I - a scroll of summoning {unknown}
 L - a scroll of noise {unknown}
 O - a scroll of torment {unknown}
Potions
 e - 3 potions of heal wounds {unknown}
 k - a potion of haste
 l - 5 potions of curing
 r - a potion of cancellation
 u - 2 potions of invisibility {unknown}
 x - 3 potions of flight {unknown}
 A - 5 potions of resistance {unknown}
 J - a potion of attraction {unknown}
 K - 3 potions of might
 M - 2 potions of mutation {unknown}
 P - a potion of ambrosia {unknown}
Miscellaneous
 q - a phial of floods


   Skills:
 + Level 10.3 Fighting
 * Level 14.0 Maces & Flails
 + Level 7.5 Dodging
 - Level 10.0 Stealth
 - Level 4.1 Shields


You had 11 spell levels left.
You didn't know any spells.
Your spell library was empty.

Dungeon Overview and Level Annotations

Branches:
Dungeon (12/15)            Temple (0/1) D:7            Lair (0/6) D:11
    Orc (0/2) D:11         Bailey (visited)

Altars:
Elyvilon
Qazlal
Sif Muna
Xom
Beogh

Shops:
D:7 *

Annotations:
D:8 1 runed translucent door, Cykl0x's ghost, novice MiFi
D:11 1 runed translucent door, Jeginn's ghost, journeyman GrFi


Innate Abilities, Weirdness & Mutations

You cannot wear most types of armour.
You are very stealthy in the water. (Stealth+)
You are amphibious.
You can wear up to eight rings at the same time.
You can use your tentacles to constrict eight enemies at once.
Your skin changes colour to match your surroundings (Stealth+).
Your rubbery body absorbs attacks. (AC +1, EV +1)


Message History

The freezing wraith closely misses you.
The death knight calls down the wrath of Yredelemnul upon you.
You easily resist.
You sock the death knight!
The death knight reflects your damage back at you!
* * * LOW HITPOINT WARNING * * *
The death knight shudders.
You kill the death knight!
Trog accepts your kill.
The freezing wraith is lightly damaged.
Your damage is reflected back at you!
* * * LOW HITPOINT WARNING * * *
The freezing wraith misses you.
The freezing wraith completely misses you.
The freezing wraith hits you.
* * * LOW HITPOINT WARNING * * *
The freezing wraith freezes you!
* * * LOW HITPOINT WARNING * * *
The freezing wraith hits you!
You die...

###+######....#..#####
#....#......#..
#....#......#..
#....#......#.. .
#....#......#..
..########....#####..#..
...........[....###))#..
......).........#...(#..
#....)@........#.)..'..
#....WW........######..
#......................
#......................
#.....(................
#....###'####'#........
#.... .... ...###'#####
#.... ......... ...
.......#...'


You could see 2 freezing wraiths.

Vanquished Creatures
  Fannar (D:10)
  A death knight (D:12)
  A skeletal warrior (D:12)
  An unseen horror (D:12)
  Pikel (D:5)
  2 orc knights (Bailey)
  An orc sorcerer (Bailey)
  2 ugly things
  A cyclops (D:12)
  2 kobold demonologists
  2 trolls
  3 hornets
  Prince Ribbit (D:7)
  6 slime creatures (D:12)
  3 yaks (D:12)
  A wraith (D:12)
  2 wyverns
  4 basilisks (D:11)
  Grum (D:8)
  Eustachio (D:6)
  3 vampire mosquitoes (D:12)
  A swamp worm (D:9)
  An acid dragon (D:12)
  2 ice beasts
  14 orc warriors
  A swamp drake (D:11)
  A hornet zombie (D:8)
  6 sky beasts
  2 necrophages
  5 ogres
  4 wolves (D:8)
  4 phantoms
  6 centaurs
  A tengu (D:8)
  A lemure (D:5)
  A big kobold (D:9)
  12 bullfrogs
  2 gnoll sergeants
  7 scorpions
  9 killer bees
  9 wights
  5 electric eels (Bailey)
  A bullfrog zombie (D:10)
  4 jellies
  5 orc priests
  4 hounds
  2 centaur skeletons
  10 orc wizards
  3 iguanas
  11 worker ants
  A hound zombie (D:7)
  2 hound skeletons
  4 worker ant zombies
  Robin (D:4)
  10 gnolls
  14 adders
  3 shadow imps
  An ufetubus (D:5)
  An ooze (D:1)
  2 worms (D:3)
  A dart slug (D:2)
  3 leopard geckos
  45 orcs
  6 bats
  6 giant cockroaches
  21 goblins
  20 hobgoblins
  15 jackals
  7 quokkas
  6 frilled lizards
  2 jackal skeletons (D:5)
  11 kobolds
  A leopard gecko skeleton (D:7)
  A leopard gecko zombie (D:5)
  2 quokka skeletons
  2 quokka zombies
  6 rats
368 creatures vanquished.

Vanquished Creatures (others)
  2 orcs
  2 jackals (D:6)
  3 plants (D:9)
7 creatures vanquished.

Grand Total: 375 creatures vanquished

Notes
Turn   | Place    | Note
-------+----------+-------------------------------------------
     0 | D:1      | Froggeryz the Octopode Berserker began the quest for the
                  | Orb.
     0 | D:1      | Reached XP level 1. HP: 16/16 MP: 1/1
    73 | D:1      | Reached XP level 2. HP: 7/21 MP: 2/2
   327 | D:1      | Reached skill level 1 in Stealth
   584 | D:1      | Reached XP level 3. HP: 25/26 MP: 3/3
  1139 | D:2      | Reached skill level 4 in Maces & Flails
  1139 | D:2      | Reached XP level 4. HP: 10/31 MP: 4/4
  1525 | D:2      | Found a shimmering blue altar of Sif Muna.
  1595 | D:2      | Reached ** piety under Trog
  1880 | D:2      | Found a stormy altar of Qazlal.
  2639 | D:3      | Reached XP level 5. HP: 34/37 MP: 5/5
  2784 | D:4      | Reached skill level 1 in Shields
  3249 | D:4      | Noticed an ogre
  3266 | D:4      | Killed an ogre
  3267 | D:4      | Reached skill level 5 in Maces & Flails
  3267 | D:4      | Reached XP level 6. HP: 19/43 MP: 6/6
  3511 | D:4      | Noticed Robin
  3524 | D:4      | Killed Robin
  3717 | D:4      | Reached XP level 7. HP: 37/47 MP: 7/7
  4054 | D:5      | Entered Level 5 of the Dungeon
  4084 | D:5      | Reached *** piety under Trog
  4335 | D:5      | Reached skill level 6 in Maces & Flails
  4659 | D:5      | Reached XP level 8. HP: 54/54 MP: 8/8
  4712 | D:5      | Noticed Pikel
  4720 | D:5      | Killed Pikel
  4721 | D:5      | Reached skill level 5 in Fighting
  4721 | D:5      | Reached skill level 7 in Maces & Flails
  5079 | D:5      | Found a white marble altar of Elyvilon.
  5214 | D:6      | Noticed Eustachio
  5440 | D:6      | Killed Eustachio
  5441 | D:6      | Reached skill level 8 in Maces & Flails
  5441 | D:6      | Reached XP level 9. HP: 36/62 MP: 9/9
  5616 | D:6      | Reached **** piety under Trog
  6699 | D:7      | Reached skill level 9 in Maces & Flails
  6986 | D:7      | Found Ywnoutt's General Store.
  6986 | D:7      | Noticed Prince Ribbit
  7004 | D:7      | Killed Prince Ribbit
  7007 | D:7      | Bought a scroll of magic mapping for 49 gold pieces
  7007 | D:7      | Bought a potion of might for 56 gold pieces
  7357 | D:7      | Found a staircase to the Ecumenical Temple.
  7368 | D:7      | Noticed a purple ugly thing
  7373 | D:7      | Killed a purple ugly thing
  7573 | D:7      | Noticed a hornet
  7588 | D:7      | Killed a hornet
  7589 | D:7      | Reached skill level 10 in Maces & Flails
  7589 | D:7      | Reached XP level 10. HP: 37/71 MP: 10/10
  8307 | D:8      | Noticed Grum
  8322 | D:8      | Killed Grum
  8329 | D:8      | Reached ***** piety under Trog
  8829 | D:8      | Noticed Maurice
  8833 | D:8      | Noticed Maurice
  8833 | D:8      | Maurice changed into Maurice the tengu
  8839 | D:8      | Killed Maurice the tengu
  9031 | D:8      | Reached skill level 10 in Stealth
  9395 | D:8      | Found a runed translucent door.
  9396 | D:8      | Found a shimmering altar of Xom.
  9396 | D:8      | Noticed Cykl0x's ghost (novice MiFi)
  9401 | D:8      | Noticed a +2 rapier of chaos
  9509 | D:8      | Reached skill level 11 in Maces & Flails
 10545 | D:9      | Received a gift from Trog
 10751 | D:9      | Reached XP level 11. HP: 78/78 MP: 11/11
 11052 | D:10     | Entered Level 10 of the Dungeon
 11338 | D:10     | Noticed Fannar
 11353 | D:10     | Killed Fannar
 11354 | D:10     | Reached skill level 12 in Maces & Flails
 11354 | D:10     | Reached skill level 5 in Dodging
 11545 | D:10     | Found a flagged portal.
 11554 | Bailey   | Entered a bailey
 11741 | Bailey   | Noticed an orc knight
 11757 | Bailey   | Killed an orc knight
 11927 | Bailey   | Found an iron altar of Okawaru.
 11927 | Bailey   | Noticed an orc sorcerer
 11956 | Bailey   | Killed an orc sorcerer
 12528 | Bailey   | Noticed an orc knight
 12536 | Bailey   | Killed an orc knight
 13063 | D:11     | Noticed a cyan ugly thing
 13074 | D:11     | Killed a cyan ugly thing
 13510 | D:11     | Found a runed translucent door.
 13510 | D:11     | Noticed Jeginn's ghost (journeyman GrFi)
 13594 | D:11     | Reached skill level 13 in Maces & Flails
 13880 | D:11     | Found a roughly hewn altar of Beogh.
 13880 | D:11     | Found a staircase to the Orcish Mines.
 13884 | D:11     | Received a gift from Trog
 14315 | D:11     | Reached XP level 12. HP: 86/87 MP: 12/12
 14367 | D:11     | Found a staircase to the Lair.
 14716 | D:12     | Reached skill level 10 in Fighting
 14960 | D:12     | Acquired the ring of Deruir Ecuwk {+Blink AC+4 Str+6}
 14963 | D:12     | Acquired the +6 shillelagh "Devastator" {shatter}
 14964 | D:12     | Found the +6 shillelagh "Devastator" {shatter}
 15361 | D:12     | Noticed a death knight
 15371 | D:12     | Reached skill level 14 in Maces & Flails
 15372 | D:12     | Killed a death knight
 15372 | D:12     | Slain by a freezing wraith

Illustrated notes

Levels and vault maps discovered:
D:1:      ncdulo_halloftheorcs, layout_basic
D:2:      layout_basic, lemuel_round_altar, minivault_4,
          nicolae_qazlal_eye_of_the_storm
D:3:      layout_rooms, corexii_shack
D:4:      layout_basic, uniq_robin
D:5:      layout_loops_cross, elyvilon_altar_3, uniq_pikel
D:6:      cheibrodos_helix_gallery, layout_loops_ring, uniq_eustachio
D:7:      layout_loops_cross, minmay_temple_entry_overgrown, serial_shops, shop,
          hangedman_abyss_or_decor_stabs, uniq_prince_ribbit1
D:8:      layout_loops_corners, ebering_ghost_xom, lemuel_old_faithful,
          uniq_maurice, uniq_grum
D:9:      layout_rooms, worms_lemuel
D:10:     layout_long_grid, enter_bailey_6, uniq_fannar
D:11:     layout_roguey, erik_lair_dragon, david_orc_5, gammafunk_ghost_grave
D:12:     layout_gridville, chequers_serial_rivers_micro_e, eino_tiny_chamber

Skill      XL: |  1  2  3  4  5  6  7  8  9 10 11 12 |
---------------+-------------------------------------+-----
Stealth        | 1 2 3 4 6 9 10 | 10.0
Maces & Flails | 4 5 6 8 10 11 13 14 | 14.0
Shields        | 3 4 |  4.1
Fighting       | 4 5 7 8 9 10 | 10.3
Dodging        | 4 6 7 |  7.5

Action                   |  1- 3 |  4- 6 |  7- 9 | 10-12 || total
-------------------------+-------+-------+-------+-------++-------
Melee: Mace              |    32 |       |       |       ||    32
       Constrict         |    12 |    31 |    45 |   123 ||   211
       Tentacles         |     7 |    29 |    57 |   227 ||   320
       Whip              |    16 |    68 |       |    27 ||   111
       Flail             |       |    33 |   168 |   473 ||   674
       Shillelagh        |       |       |       |    21 ||    21
Throw: Dart              |       |       |     4 |     2 ||     6
Invok: Berserk           |     1 |       |     3 |     5 ||     9
       Trog's Hand       |       |       |       |     2 ||     2
Evoke: Wand              |       |       |     8 |     3 ||    11
  Use: Potion            |       |       |     1 |     2 ||     3
       Scroll            |       |       |    14 |     5 ||    19
 Stab: Sleeping          |     4 |    17 |    10 |    53 ||    84
       Distracted        |       |     1 |       |     4 ||     5
Armor: Skin              |     5 |     4 |     3 |     4 ||    16
Dodge: Dodged            |    40 |    42 |    68 |   227 ||   377
Block: Buckler           |       |       |    32 |   113 ||   145
